 Dungeon Crawl Stone Soup version 0.30-a0-613-gdd512c7efb (webtiles) character file.

Game seed: 12834098703577760297

39 bmack86 the Trooper (level 3, -1/33 HPs)
             Began as a Minotaur Fighter on Jan 9, 2023.
             Frozen to death by an endoplasm (5 damage)
             ... on level 2 of the Dungeon.
             The game lasted 00:02:28 (1292 turns).

bmack86 the Trooper (Minotaur Fighter)              Turns: 1292, Time: 00:02:28

Health: -1/33      AC:  7    Str: 28    XL:     3   Next: 28%
Magic:  2/2        EV:  9    Int:  5    God:
Gold:   67         SH:  4    Dex:  9    Spells: 2/2 levels left

rFire   . . .      SeeInvis .    a - +0 war axe
rCold   . . .      Faith    .    c - +0 buckler
rNeg    . . .      Spirit   .    b - +0 scale mail
rPois   .          Reflect  .    (helmet restricted)
rElec   .          Harm     .    (no cloak)
rCorr   .          Rampage  .    (no gloves)
Will    .....                    (no boots) Stlth
                                 (no amulet)
HPRegen 0.25/turn                j - +6 ring of strength
MPRegen 0.08/turn                (no ring)

@: no status effects
A: horns 2, retaliatory headbutt
a: no special abilities


You were on level 2 of the Dungeon.
You visited 1 branch of the dungeon, and saw 2 of its levels.

You collected 67 gold pieces.

Inventory:

Hand Weapons
 a - a +0 war axe (weapon)
Armour
 b - a +0 scale mail (worn)
 c - a +0 buckler (worn)
Jewellery
 j - a +6 ring of strength (left hand)
Scrolls
 e - a scroll of teleportation {unknown}
 g - a scroll of noise {unknown}
 l - a scroll of amnesia {unknown}
 m - a scroll of identify
 n - a scroll of torment {unknown}
Potions
 d - a potion of might
 f - a potion of ambrosia {unknown}
 h - 2 potions of haste {unknown}
 i - a potion of brilliance {unknown}
 k - a potion of attraction {unknown}
 o - a potion of heal wounds {unknown}
 p - a potion of curing {unknown}


   Skills:
 * Level 4.2 Fighting
 * Level 3.3 Axes
 + Level 4.0 Armour
 + Level 3.9 Shields


You had 2 spell levels left.
You didn't know any spells.
Your spell library was empty.

Dungeon Overview and Level Annotations

Branches:
Dungeon (2/15)

Altars:


Innate Abilities, Weirdness & Mutations

You have a pair of horns on your head.
You reflexively headbutt those who attack you in melee.


Message History

You block the kobold's attack. The kobold closely misses you.
You hit the kobold but do no damage. You headbutt the kobold.
The kobold is severely wounded.
The kobold hits you with a +0 dagger.
You slash the kobold!
You kill the kobold!
You see here a +0 dagger.
o - a white potion You open the door.
You see here a +0 dagger.
p - a metallic white potion 2 gnolls come into view.
The gnoll shouts! x2
A gnoll comes into view. It is wielding a +1 heavy flail.
The gnoll shouts!
An endoplasm comes into view.
The gnoll completely misses you. The gnoll hits you but does no damage.
You slash the gnoll! You headbutt the gnoll.
You kill the gnoll!
The gnoll hits you but does no damage. x2
The gnoll hits you with a +1 heavy flail.
Your Armour skill increases to level 4!
You hit the gnoll.
The gnoll is moderately wounded.
The gnoll hits you from afar with a +0 spear.
The gnoll hits you with a +1 heavy flail!
* * * LOW HITPOINT WARNING * * *
You hit the gnoll.
The gnoll is heavily wounded.
You hit the endoplasm. You block the gnoll's attack.
The endoplasm closely misses you.
You slash the gnoll!
You kill the gnoll!
You hit the endoplasm.
The gnoll hits you from afar with a +0 spear.
* * * LOW HITPOINT WARNING * * *
The endoplasm freezes you.
You are frozen.
You die...

.............# #.# #.......#
#.
........########+###.#.#####
## ........##...........#.#
........##...........#.#
........##.............#
........##..........####
........##..........#
##########..........#
#......@...# .....gJ)####
........# .........
......... .........#
.........# ........##


You could see a gnoll and an endoplasm.

Vanquished Creatures
  2 gnolls (D:2)
  4 bats (D:1)
  3 endoplasms
  2 goblins (D:1)
  4 hobgoblins
  4 kobolds
  A quokka (D:1)
  4 ball pythons
  3 frilled lizards (D:1)
  4 rats
31 creatures vanquished.

Notes
Turn   | Place    | Note
-------+----------+-------------------------------------------
     0 | D:1      | bmack86 the Minotaur Fighter began the quest for the Orb.
     0 | D:1      | Reached XP level 1. HP: 19/19 MP: 0/0
   215 | D:1      | Reached XP level 2. HP: 27/27 MP: 1/1
  1212 | D:2      | Reached XP level 3. HP: 33/33 MP: 2/2
  1292 | D:2      | Frozen to death by an endoplasm

Illustrated notes

Levels and vault maps discovered:
D:1:      saegor_arrival_fortress, layout_loops_corners,
          ebering_dispersal_statue_hall
D:2:      layout_basic, ebering_ecumenical_altar_hall,
          kennysheep_cross_bottleneck, minmay_randomly_rotated_circles

Skill      XL: |  1  2  3 |
---------------+----------+-----
Fighting       | 4 |  4.2
Axes           | 3 |  3.3
Armour         | 4 |  4.0
Shields        | |  3.9

Action                   || total
-------------------------++-------
Melee: War axe           ||    56
       Headbutt          ||     7
  Use: Scroll            ||     1
Armor: Scale mail        ||    23
Dodge: Dodged            ||    21
Block: Buckler           ||    16

Table legend: (Time is in decaauts)
 A = Elapsed time spent in this place.
 B = Non-inter-level travel time spent in this place.
 C = Inter-level travel time spent in this place.
 D = Time resting spent in this place.
 E = Time spent auto-exploring this place.
 F = Levels seen in this place.
 G = Mean time per level.
                   A        B        C        D        E       F      G
               +--------+--------+--------+--------+--------+-----+--------+
         Total |   1312 |   1291 |     21 |      0 |    996 |   2 |  656.0 |
       Dungeon |   1312 |   1291 |     21 |      0 |    996 |   2 |  656.0 |
               +--------+--------+--------+--------+--------+-----+--------+

Top non-repeatable levels by time:
     D:1: 1055 daAuts
     D:2: 257 daAuts
